 Dungeon Crawl Stone Soup version 0.25.0-26-g0c896c7088 (webtiles) character file.

Game seed: 14544219442995941244

2627 protoss039 the Covert (level 9, 0/48 HPs)
             Began as a Vampire Enchanter on July 4, 2020.
             Was an Initiate of Dithmenos.
             Slain by an orc warrior (17 damage)
             ... on level 7 of the Dungeon.
             The game lasted 00:39:05 (9264 turns).

protoss039 the Covert (Vampire Enchanter)           Turns: 9264, Time: 00:39:06

Health: 0/48       AC:  4    Str:  7    XL:     9   Next: 35%
Magic:  11/17      EV: 15    Int: 17    God:    Dithmenos [......]
Gold:   338        SH:  0    Dex: 24    Spells: 5/19 levels left

rFire    . . .     SeeInvis +   F - +2 dagger (venom)
rCold    + + .     Gourm    .   (no shield)
rNeg     + + +     Faith    .   b - +0 robe
rPois    ∞         Spirit   .   (no helmet)
rElec    .         Reflect  .   y - +0 cloak
rCorr    .         Harm     .   (no gloves)
MR       .....                  j - +0 pair of boots
Stlth    ++++++++..             (no amulet)
HPRegen  0.00/turn              t - ring of wizardry
MPRegen  0.15/turn              B - +6 ring of dexterity

@: bloodless
A: no food, fangs 3, see invisible, unbreathing
a: Bat Form, Revivify, Renounce Religion


You were on level 7 of the Dungeon.
You worshipped Dithmenos.
Dithmenos was noncommittal.
You were bloodless.

You visited 2 branches of the dungeon, and saw 8 of its levels.
You also visited: Ossuary.

You collected 338 gold pieces.

Inventory:

Hand Weapons
 F - a +2 dagger of venom (weapon)
Missiles
 n - 22 poisoned darts (quivered)
Armour
 b - a +0 robe (worn)
 j - a +0 pair of boots (worn)
 w - a +1 leather armour of poison resistance
 x - the +2 leather armour "Jahit" {SInv}
   (You found it on level 4 of the Dungeon)

   It lets you see invisible.
 y - a +0 cloak (worn)
Jewellery
 t - a ring of wizardry (left hand)
 B - a +6 ring of dexterity (right hand)
Wands
 e - a wand of random effects (36)
 s - a wand of disintegration (14)
 u - a wand of iceblast (10)
 C - a wand of flame (1)
Scrolls
 d - a scroll of amnesia
 g - a scroll of noise {unknown}
 h - 3 scrolls of teleportation {unknown}
 k - a scroll of enchant weapon {unknown}
 q - 2 scrolls of magic mapping
 r - 3 scrolls of remove curse {unknown}
 A - a scroll of blinking {unknown}
 E - a scroll of fear
Potions
 a - a potion of haste {unknown}
 c - 2 potions of flight
 f - 4 potions of degeneration
 l - 3 potions of brilliance
 m - 4 potions of curing
 o - 2 potions of mutation
 p - 3 potions of might
 v - 3 potions of stabbing
 z - 2 potions of lignification
 D - a potion of invisibility
 G - a potion of berserk rage {unknown}


   Skills:
 + Level 1.6 Fighting
 + Level 4.5 Short Blades
 + Level 3.8 Dodging
 + Level 12.2 Stealth
 + Level 5.6 Spellcasting
 + Level 10.1 Hexes
 * Level 0.3 Invocations


You had 5 spell levels left.
You knew the following spells:

 Your Spells              Type           Power        Failure   Level  Hunger
a - Corona                Hex            #####..      1%          1    N/A
b - Confusing Touch       Hex            #####...     1%          3    N/A
c - Ensorcelled Hibernat  Hex/Ice        ###...       1%          2    N/A
d - Tukima's Dance        Hex            #####...     1%          3    N/A
e - Dazzling Flash        Conj/Hex       ###...       1%          3    N/A
f - Slow                  Hex            #####...     1%          2    N/A

Your spell library contained the following spells:

 Spells                   Type           Power        Failure   Level  Hunger
 Magic Dart               Conj           #...         6%          1    N/A
 Blink                    Tloc           N/A          9%          2    N/A
 Call Imp                 Summ           #.......     9%          2    N/A
 Conjure Flame            Conj/Fire      #.......     16%         3    N/A
 Mephitic Cloud           Conj/Pois/Air  #.......     16%         3    N/A

Dungeon Overview and Level Annotations

Branches:
Dungeon (7/15)             Temple (1/1) D:7         Ossuary (visited)

Altars:
Cheibriados
Dithmenos
Elyvilon
Fedhas
Gozag
Hepliaklqana
Kikubaaqudgha
Makhleb
Nemelex Xobeh
Okawaru
Qazlal
Ru
Sif Muna
Trog
Uskayaw
Vehumet
Wu Jian
Xom
Yredelemnul
Zin
The Shining One

Annotations:
D:1 1 exclusion


Innate Abilities, Weirdness & Mutations

You do not eat.
You do not regenerate when monsters are visible.
You are frail without blood (-20% HP).
You can heal yourself when you bite living creatures.
You are immune to poison.
You have razor-sharp teeth.
You have supernaturally acute eyesight. (SInv)
You can survive without breathing.


Message History

You hit the howler monkey zombie but do no damage.
The howler monkey zombie appears confused.
The howler monkey zombie is moderately damaged.
Unknown command.
Unknown command.
Unknown command.
Unknown command.
Unknown command.
Unknown command.
Unknown command.
Unknown command.
Unknown command.
Casting: Confusing Touch (safe; 1% risk of failure)
Confirm with . or Enter, or press ? or * to list all spells.
Aiming: Ensorcelled Hibernation (safe; 1% risk of failure)
Press: ? - help, Shift-Dir - straight line, f/p - orc warrior
Aim: an orc warrior, wearing a +0 chain mail (moderately wounded, chance to defeat MR: 50%)
The orc warrior resists with some effort.
The orc warrior hits you!
You die...

###..[...Z.......
#....###.)..#.##.
##(##.# ##...# #
##..##†# #.###.#
##..###.####.....#
### (..##
#...o..##### #####.#
#### #.####.#..#
###.>...# .# #.#
#....###...##..# ...#
#.####...o@...####.##
##... #.##...#.######
#.%# #.
..##.##..########.##
..................#
.#
.....≈≈≈≈≈.......##
.# ...≈≈≈≈≈≈≈≈≈..%..#
# .≈≈≈≈≈≈≈≈≈≈≈≈≈..##
≈≈≈≈≈≈≈≈≈≈≈≈≈≈≈.#
≈≈≈≈≈≈...≈≈≈≈≈≈.#


You could see an orc warrior and an orc.

Vanquished Creatures
  An ugly thing (D:6)
  Pikel (D:5)
  Sigmund (D:4)
  Duvessa (D:6)
  2 orc warriors
  2 slaves (D:5)
  A phantom (D:5)
  A black bear (D:6)
  A centaur (D:6)
  2 bullfrogs
  Dowan (D:6)
  A scorpion (D:6)
  5 crimson imps
  A bullfrog zombie (D:6)
  A hound (D:6)
  A human zombie (Ossuary)
  2 orc wizards
  2 iguanas (D:6)
  Ijyb (D:4)
  Terence (D:2)
  A worker ant (D:7)
  3 big kobold zombies (Ossuary)
  A hound zombie (D:5)
  A hound skeleton (D:5)
  4 gnolls
  10 adders
  3 oozes
  An adder skeleton (D:7)
  3 worms
  4 dart slugs
  3 leopard geckos
  9 orcs
  2 ball pythons
  5 bats
  A giant cockroach (D:1)
  2 goblins (D:1)
  5 hobgoblins
  2 jackals (D:5)
  3 quokkas
  7 frilled lizards
  2 goblin zombies (Ossuary)
  14 hobgoblin zombies (Ossuary)
  4 jackal zombies
  9 kobolds
  7 kobold zombies (Ossuary)
  2 leopard gecko skeletons
  5 orc zombies (Ossuary)
  2 quokka skeletons
  8 rats
  A rat zombie (Ossuary)
153 creatures vanquished.

Vanquished Creatures (collateral kills)
  An ogre (D:6)
  An orc priest (D:7)
  Crazy Yiuf (D:4)
  An orc (D:4)
4 creatures vanquished.

Vanquished Creatures (others)
  A quokka (D:5)
1 creature vanquished.

Grand Total: 158 creatures vanquished

Notes
Turn   | Place    | Note
-------+----------+-------------------------------------------
     0 | D:1      | protoss039 the Vampire Enchanter began the quest for the
                  | Orb.
     0 | D:1      | Reached XP level 1. HP: 13/13 MP: 3/3
    98 | D:1      | Reached skill level 5 in Hexes
   124 | D:1      | Reached XP level 2. HP: 10/19 MP: 0/5
   958 | D:1      | Reached XP level 3. HP: 24/24 MP: 4/6
  1172 | D:2      | Noticed Terence
  1289 | D:2      | Reached skill level 5 in Stealth
  1301 | D:2      | Learned a level 3 spell: Confusing Touch
  1304 | D:2      | Learned a level 2 spell: Ensorcelled Hibernation
  1752 | D:2      | Reached XP level 4. HP: 24/24 MP: 2/7
  1890 | D:2      | Found an opulent altar of Gozag.
  2237 | D:2      | Killed Terence
  2617 | D:3      | Found a faded altar of an unknown god.
  2986 | D:3      | Found a white marble altar of Elyvilon.
  3503 | D:3      | Reached skill level 6 in Stealth
  3503 | D:3      | Reached XP level 5. HP: 28/28 MP: 6/9
  3534 | D:3      | Learned a level 3 spell: Tukima's Dance
  3595 | D:4      | Noticed Ijyb
  3945 | D:4      | Killed Ijyb
  4243 | D:4      | Noticed Sigmund
  4252 | D:4      | Killed Sigmund
  4252 | D:4      | Reached skill level 1 in Fighting
  4252 | D:4      | Reached XP level 6. HP: 34/34 MP: 9/11
  4390 | D:4      | Found a runed translucent door.
  4391 | D:4      | Noticed Crazy Yiuf
  4622 | D:4      | Got a shimmering leather armour
  4696 | D:4      | Identified the +2 leather armour "Jahit" {SInv} (You found
                  | it on level 4 of the Dungeon)
  4714 | D:4      | Killed Crazy Yiuf
  4714 | D:4      | Reached skill level 7 in Stealth
  4804 | D:5      | Entered Level 5 of the Dungeon
  4819 | D:5      | Found a sand-covered staircase.
  4826 | Ossuary  | Entered an ossuary
  6301 | D:5      | Noticed a slave
  6301 | D:5      | Noticed a slave
  6302 | D:5      | Noticed Pikel
  6302 | D:5      | Noticed a slave
  6302 | D:5      | Noticed a slave
  6367 | D:5      | Reached XP level 7. HP: 41/43 MP: 7/12
  7095 | D:5      | Killed Pikel
  7095 | D:5      | Reached skill level 8 in Stealth
  7095 | D:5      | Reached XP level 8. HP: 24/43 MP: 1/14
  7373 | D:5      | Found a radiant altar of Vehumet.
  7374 | D:5      | Found a burning altar of Makhleb.
  7377 | D:5      | Reached skill level 9 in Stealth
  7748 | D:6      | Noticed Dowan
  7749 | D:6      | Noticed Duvessa
  7756 | D:6      | Killed Duvessa
  7762 | D:6      | Killed Dowan
  7856 | D:6      | Reached skill level 10 in Stealth
  8038 | D:6      | Reached skill level 5 in Spellcasting
  8083 | D:6      | Found a burning altar of Makhleb.
  8083 | D:6      | Noticed an Executioner
  8281 | D:6      | Reached skill level 11 in Stealth
  8427 | D:6      | Learned a level 3 spell: Dazzling Flash
  8430 | D:6      | Learned a level 2 spell: Slow
  8549 | D:6      | Noticed a red ugly thing
  8561 | D:6      | Killed a red ugly thing
  8561 | D:6      | Reached skill level 10 in Hexes
  8561 | D:6      | Reached XP level 9. HP: 47/47 MP: 5/17
  8854 | D:7      | Reached skill level 12 in Stealth
  8938 | D:7      | Found a staircase to the Ecumenical Temple.
  8993 | Temple   | Entered the Ecumenical Temple
  9027 | Temple   | Became a worshipper of Dithmenos the Shadowed
  9160 | D:7      | Found a sparkling altar of Nemelex Xobeh.
  9249 | D:7      | HP: 2/48 [orc warrior (14)]
  9264 | D:7      | Slain by an orc warrior

Illustrated notes

Levels and vault maps discovered:
D:1:      scummos_arrival_forest, layout_basic
D:2:      minmay_door_path, layout_loops_ring, dk_vineyard_2,
          palyth_stone_intersect, nicolae_gozag_seed_capital, uniq_terence
D:3:      layout_loops_ring, first_ration, chequers_ecumenical_altar_island,
          elyvilon_altar_4
D:4:      layout_basic, uniq_ijyb, uniq_sigmund, uniq_crazy_yiuf_cottage
D:5:      layout_cave_pods, grunt_temple_overflow_lords_of_destruction,
          chequers_ossuary_entry_cave, uniq_pikel
D:6:      layout_gridville, makhleb_altar_promises_db, uniq_duvessa
D:7:      layout_rooms, nicolae_overflow_crystal_walls, temple_pool_b,
          uniq_prince_ribbit1
Temple:   hc_temple_tempest_star

Skill      XL: |  1  2  3  4  5  6  7  8  9 |
---------------+----------------------------+-----
Hexes          | 5 6 8 10 | 10.1
Stealth        | 5 6 7 8 11 12 | 12.2
Short Blades   | 2 3 4 |  4.5
Fighting       | 1 |  1.6
Spellcasting   | 3 4 5 |  5.6
Dodging        | 3 |  3.8
Invocations    | |  0.3

Action                   |  1- 3 |  4- 6 |  7- 9 || total
-------------------------+-------+-------+-------++-------
Melee: Dagger            |   118 |   318 |   108 ||   544
       Bite              |     4 |    34 |     7 ||    45
Throw: Dart              |       |       |     1 ||     1
 Cast: Corona            |    25 |    27 |    13 ||    65
       Confusing Touch   |     2 |     8 |     7 ||    17
       Ensorcelled Hiber |       |    27 |    41 ||    68
       Tukima's Dance    |       |     3 |     5 ||     8
 Abil: Exsanguinate      |     1 |       |     2 ||     3
       Revivify          |       |     1 |     1 ||     2
       Bat Form          |       |       |     1 ||     1
  Use: Scroll            |       |     7 |     4 ||    11
       Potion            |       |       |     2 ||     2
 Stab: Sleeping          |    11 |    33 |    35 ||    79
       Confused          |     2 |     6 |     4 ||    12
       Distracted        |       |     1 |       ||     1
Armor: Robe              |    23 |    62 |    22 ||   107
Dodge: Dodged            |    72 |   202 |    62 ||   336
